 Dungeon Crawl Stone Soup version 0.16.0-18-g484a79e (webtiles) character file.

11153 Zugr the Destroyer (level 11, 0/64 HPs)
             Began as a Tengu Fire Elementalist on Mar 22, 2015.
             Was a Believer of Sif Muna.
             Slain by a spectral orc warrior
             ... wielding a +0 trident
             ... summoned by Nergalle
              (1 damage)
             ... on level 12 of the Dungeon.
             The game lasted 01:59:21 (15010 turns).

Zugr the Destroyer (Tengu Fire Elementalist)       Turns: 15010, Time: 01:59:21

Health: 0/64       AC:  8    Str: 15    XL:     11   Next: 73%
Magic:  5/29       EV: 15    Int: 23    God:    Sif Muna [**....]
Gold:   743        SH:  0    Dex: 14    Spells: 5 memorised, 12 levels left

rFire  + . .     SeeInvis .     d - +2 scimitar (holy)
rCold  + . .     Clarity  .     x - +0 troll leather armour {Purgy}
rNeg   . . .     SustAb   .     (no shield)
rPois  .         Gourm    .     (helmet restricted)
rElec  .         Spirit   .     H - +0 cloak (curse)
rCorr  .         Warding  .     W - +2 pair of gloves {archery}
rMut   +         Stasis   .     (boots unavailable)
MR     +....                    M - amulet of resist mutation
Stlth  ++........               K - ring of protection from cold
                                o - ring of protection from fire

@: mighty, brilliant, lethally poisoned (0 -> -2), drained, somewhat resistant
to hostile enchantments, unstealthy
A: able to fly, beak, talons 3, magic resistance 1
a: Fly, Channel Energy, Forget Spell, Renounce Religion


You were on level 12 of the Dungeon.
You worshipped Sif Muna.
Sif Muna was pleased with you.
You were very hungry.

You visited 2 branches of the dungeon, and saw 13 of its levels.
You also visited: Sewer.

You collected 743 gold pieces.

Inventory:

Hand weapons
 d - a +2 scimitar of holy wrath (weapon)
 j - a +1 hand axe of chopping
 w - a +0 dagger of venom
Missiles
 O - 8 javelins of penetration (quivered)
Armour
 x - a +0 troll leather armour (worn) {Purgy}
 H - a cursed +0 cloak (worn)
 W - a +2 pair of gloves of archery (worn)
Magical staves
 Q - an uncursed staff of cold
Jewellery
 o - a ring of protection from fire (left hand)
 K - a ring of protection from cold (right hand)
 M - an amulet of resist mutation (around neck)
 T - an uncursed ring of sustain abilities {unknown}
 U - an uncursed amulet of stasis
 X - an uncursed ring of protection from cold
Magical devices
 e - a wand of slowing (34)
 k - a wand of draining (7)
 J - a wand of slowing (10)
 L - a wand of digging (9)
 P - a wand of magic darts (42)
 S - a wand of disintegration (15)
Scrolls
 f - a scroll of noise
 h - a scroll of fear {unknown}
 i - 4 scrolls of amnesia {unknown}
 n - 4 scrolls of remove curse
 q - 2 scrolls of fog {unknown}
 s - 2 scrolls of blinking {unknown}
 v - 2 scrolls of enchant armour
 y - 2 scrolls of magic mapping {unknown}
 D - 4 scrolls of enchant weapon {unknown}
 F - a scroll of random uselessness {unknown}
 R - a scroll of vulnerability {unknown}
Potions
 a - 2 potions of restore abilities
 p - a potion of poison
 t - 2 potions of agility
 z - 2 potions of might
 A - 3 potions of haste
 C - 2 potions of brilliance
 E - a potion of lignification {unknown}
 G - 2 potions of magic {unknown}
 N - 2 potions of berserk rage
 V - a potion of beneficial mutation
Books
 b - a book of Flames

   Spells                             Type                      Level
   a - Flame Tongue                   Conjuration/Fire             1
   b - Throw Flame                    Conjuration/Fire             2
   c - Conjure Flame                  Conjuration/Fire             3
   d - Inner Flame                    Hexes/Fire                   3
   e - Sticky Flame                   Conjuration/Fire             4
   f - Fireball                       Conjuration/Fire             5
Comestibles
 c - 5 bread rations
 g - 7 chunks of flesh
 l - 6 meat rations
 m - a beef jerky
 B - a fruit


   Skills:
 + Level 6.0(5.3) Fighting
 + Level 7.7(7.0) Dodging
 - Level 2.0(1.4) Stealth
 * Level 8.6(7.9) Spellcasting
 * Level 11.9(11.1) Conjurations
 * Level 10.0(9.3) Fire Magic
 + Level 2.4(1.8) Invocations


You had 12 spell levels left.
You knew the following spells:

 Your Spells              Type           Power        Failure   Level  Hunger
a - Flame Tongue          Conj/Fire      #####        1%          1    None
b - Throw Flame           Conj/Fire      ######       1%          2    None
c - Conjure Flame         Conj/Fire      ######..     1%          3    None
d - Fireball              Conj/Fire      ######....   1%          5    #####..
e - Sticky Flame          Conj/Fire      ######..     1%          4    ###....


Dungeon Overview and Level Annotations

Branches:
Dungeon (12/15)            Temple (1/1) D:5            Lair (0/8) D:10
    Orc: D:9-12

Altars:
Ashenzari
Cheibriados
Dithmenos
Elyvilon
Fedhas
Gozag
Kikubaaqudgha
Makhleb
Nemelex Xobeh
Okawaru
Qazlal
Ru
Sif Muna
Trog
Vehumet
Xom
Yredelemnul
Zin
The Shining One

Shops:
D:5 [   D:8 :

Annotations:
D:12 Nergalle


Innate Abilities, Weirdness & Mutations

You can fly.
You have a beak for a mouth.
You have claws for feet.
You are resistant to hostile enchantments.


Message History

Nergalle stands defiantly in death's doorway!
The spectral orc warrior hits you but does no damage.
The spectral orc hits you but does no damage.
The spectral orc warrior hits you from afar with a trident.
* * * LOW HITPOINT WARNING * * *
The spectral orc warrior hits you with a short sword.
* * * LOW HITPOINT WARNING * * *
The spectral orc warrior misses you.
The spectral orc warrior barely misses you.
Nergalle closely misses you.
The spectral orc warrior hits you but does no damage.
You barely miss Nergalle.
Nergalle is almost dead.
* * * LOW HITPOINT WARNING * * *
You feel sick. The spectral orc barely misses you.
The spectral orc warrior hits you from afar with a trident.
* * * LOW HITPOINT WARNING * * *
The spectral orc warrior misses you.
The spectral orc warrior hits you from afar with a trident.
You die...

#..# #.# ##### #..# #..# #.#
#...# #o.# #..# #.# #...# #..#
#..# #<# #...# #.{# #..# #.#
#...# #o.# #..# #.# #..(# #..# #
#..# #.# #...# #{.#
###..#####.######o..######o.###..
..............ZZ@Z.......).......
..............ZZZ..(.............
#################################


You could see Nergalle, a spectral orc and 5 spectral orc warriors.

Vanquished Creatures
  Harold (D:11)
  A hill giant (D:12)
  A griffon (D:12)
  A cyclops (D:11)
  2 centaur skeletons (D:9)
  3 trolls
  A two-headed ogre (D:9)
  A trapdoor spider (D:10)
  A basilisk (D:12)
  A spriggan (D:9)
  6 yaks
  Eustachio (D:7)
  A deep elf mage (D:9)
  A steam dragon (D:10)
  A wyvern (D:8)
  A soldier ant (D:9)
  A water moccasin (D:11)
  A wasp (D:7)
  2 ice beasts
  Purgy (Sewer)
  5 orc warriors
  A black bear (D:6)
  4 sky beasts
  5 phantoms
  7 ogres
  A crocodile (D:10)
  A centaur (D:9)
  A big kobold (D:11)
  7 giant frogs
  4 scorpions
  A water moccasin skeleton (D:4)
  6 killer bees
  3 wights (D:12)
  2 centaur zombies
  6 crimson imps
  3 goliath beetles
  3 jellies
  10 orc priests
  5 iguanas
  8 hounds
  4 giant frog skeletons
  A gnoll shaman (D:7)
  6 worker ants
  14 orc wizards
  2 sheep (D:11)
  A hound zombie (D:8)
  2 mummies
  2 worker ant zombies
  16 gnolls
  14 adders
  7 giant mites
  A shadow imp (D:8)
  5 worms
  10 giant geckos
  54 orcs
  3 ball pythons
  21 bats
  A bat zombie (D:5)
  9 giant cockroaches
  12 goblins
  13 hobgoblins
  8 jackals
  A giant gecko skeleton (D:4)
  9 giant newts
  4 giant spores (D:11)
  21 kobolds
  2 quokkas
  A quokka zombie (D:7)
  19 rats
  17 ballistomycetes (D:11)
  A fungus (D:11)
393 creatures vanquished.

Notes
Turn   | Place    | Note
--------------------------------------------------------------
     0 | D:1      | Zugr, the Tengu Fire Elementalist, began the quest for the Orb.
     0 | D:1      | Reached XP level 1. HP: 10/10 MP: 3/3
   220 | D:1      | Reached XP level 2. HP: 12/15 MP: 0/5
   241 | D:1      | Learned a level 2 spell: Throw Flame
   831 | D:2      | Reached XP level 3. HP: 19/19 MP: 0/7
  1001 | D:2      | Found a snail-covered altar of Cheibriados.
  1038 | D:2      | Reached skill level 4 in Fire Magic
  1363 | D:2      | Found a glowing golden altar of the Shining One.
  1616 | D:2      | Reached XP level 4. HP: 22/24 MP: 0/9
  2007 | D:3      | Reached XP level 5. HP: 28/28 MP: 5/13
  2551 | D:3      | Reached skill level 1 in Fighting
  2551 | D:3      | Reached XP level 6. HP: 22/34 MP: 1/15
  3531 | D:4      | Found a glowing drain.
  3539 | Sewer    | Entered a sewer
  3646 | Sewer    | Noticed Purgy
  3651 | Sewer    | Killed Purgy
  3651 | Sewer    | Reached skill level 5 in Fire Magic
  3651 | Sewer    | Reached XP level 7. HP: 32/38 MP: 9/17
  3672 | Sewer    | Learned a level 3 spell: Conjure Flame
  4317 | D:4      | Reached skill level 5 in Conjurations
  4938 | D:4      | Reached XP level 8. HP: 23/45 MP: 2/20
  5084 | D:5      | Entered Level 5 of the Dungeon
  5228 | D:5      | Found a staircase to the Ecumenical Temple.
  5253 | Temple   | Entered the Ecumenical Temple
  5580 | D:5      | Reached skill level 6 in Conjurations
  5589 | D:5      | Reached skill level 5 in Spellcasting
  6083 | D:5      | Found Beneleeb's Antique Armour Boutique.
  6586 | D:6      | Gained mutation: You are resistant to hostile enchantments. [potion of beneficial mutation]
  6758 | D:6      | Reached skill level 5 in Dodging
  6758 | D:6      | Reached skill level 7 in Conjurations
  7278 | D:6      | Reached XP level 9. HP: 48/51 MP: 16/23
  7873 | D:7      | Found a shattered altar of Ashenzari.
  8406 | D:7      | Reached skill level 8 in Conjurations
  8681 | D:8      | Noticed Eustachio
  8818 | D:7      | Killed Eustachio
  8892 | D:8      | Found a sparkling altar of Nemelex Xobeh.
  8960 | D:8      | Found a blossoming altar of Fedhas.
  9034 | D:8      | Reached skill level 9 in Conjurations
  9218 | D:8      | Reached XP level 10. HP: 57/57 MP: 22/25
  9230 | D:8      | Found Hierinn's Book Shop.
 10321 | D:9      | Found a bloodstained altar of Trog.
 10619 | D:9      | Reached skill level 10 in Conjurations
 10684 | D:9      | Found a stormy altar of Qazlal.
 10695 | D:9      | Found a sacrificial altar of Ru.
 10783 | D:9      | Found a deep blue altar of Sif Muna.
 10786 | D:9      | Became a worshipper of Sif Muna the Loreminder
 11081 | D:10     | Entered Level 10 of the Dungeon
 11611 | D:10     | Reached skill level 5 in Fighting
 11666 | D:10     | Found a staircase to the Lair.
 11786 | D:10     | Acquired Sif Muna's first power
 11905 | D:10     | Upgraded the game from 0.16.0-17-g811c1d7 to 0.16.0-18-g484a79e
 12025 | D:10     | Reached skill level 11 in Conjurations
 12163 | D:10     | Learned a level 5 spell: Fireball
 12496 | D:11     | Noticed a cyclops
 12644 | D:11     | Reached XP level 11. HP: 64/64 MP: 25/28
 12682 | D:11     | Killed a cyclops
 13024 | D:11     | Reached skill level 1 in Invocations
 13523 | D:11     | Found a snail-covered altar of Cheibriados.
 13905 | D:11     | Noticed Harold
 13930 | D:11     | HP: 3/64 [something/bolt of fire (12)]
 13991 | D:11     | Killed Harold
 14177 | D:11     | Learned a level 4 spell: Sticky Flame
 14305 | D:12     | Acquired Sif Muna's second power
 14307 | D:12     | Found a snail-covered altar of Cheibriados.
 14884 | D:12     | Noticed a hill giant
 14889 | D:12     | Killed a hill giant
 14889 | D:12     | Reached skill level 10 in Fire Magic
 14963 | D:12     | Noticed Nergalle
 15009 | D:12     | HP: 2/64 [spectral orc warrior/short sword[Nergalle] (5)]
 15010 | D:12     | Slain by a spectral orc warrior

Action                   |  1- 3 |  4- 6 |  7- 9 | 10-12 || total
-------------------------+-------+-------+-------+-------++-------
Melee: Hand axe          |     9 |    38 |   122 |       ||   169
       Scimitar          |       |       |    37 |   232 ||   269
 Cast: Flame Tongue      |    22 |    37 |   106 |    86 ||   251
       Throw Flame       |    25 |    52 |   213 |   273 ||   563
       Conjure Flame     |       |       |     2 |    10 ||    12
       Fireball          |       |       |       |    21 ||    21
       Sticky Flame      |       |       |       |    15 ||    15
Invok: Channel Energy    |       |       |       |    86 ||    86
 Abil: Fly               |       |       |     1 |       ||     1
  Use: Scroll            |     3 |       |     9 |     8 ||    20
       Potion            |       |     1 |     2 |    11 ||    14
 Stab: Sleeping          |       |     1 |     1 |       ||     2
  Eat: Chunk             |     4 |     4 |    15 |    17 ||    40
       Fruit             |       |     2 |     1 |       ||     3
       Bread ration      |       |     1 |       |     4 ||     5
       Beef jerky        |       |       |     2 |       ||     2
       Royal jelly       |       |       |     1 |     2 ||     3
       Pizza             |       |       |       |     2 ||     2
